Map: Catalesque CE

Players

Kaxolix

  • Race: Terran Terran
  • League: Silver
  • Spawn Location: 11:00

BBTheDroid

  • Race: Zerg Zerg
  • Spawn Location: 11:00

SonNumberOne

  • Race: Terran Terran
  • League: Silver
  • Spawn Location: 5:00

Kassinick

  • Race: Zerg Zerg
  • League: Silver
  • Spawn Location: 5:00

VOD

Have the link to the VOD?

Description

Time

  • Played on: Aug. 27, 2024, 8:35 p.m.
  • Length: 6:13
Show
View Real Time Build Order
Export as new Build Order

Kaxolix Terran 

Build Orders:  

Get SALT Encoding   

  12  0:00  SCV  
  13  0:12  SCV  
  14  0:22  Supply Depot  
  14  0:28  SCV  
  15  0:42  Refinery  
  15  0:44  SCV  
  16  0:51  Barracks  
  17  0:57  SCV, Supply Depot  
  17  1:09  SCV  
  18  1:20  Barracks  
  18  1:21  SCV  
  19  1:33  SCV  
  19  1:39  Supply Depot  
  20  1:41  Reaper  
  21  1:54  Refinery  
  21  1:57  SCV  
  22  2:06  Factory  
  22  2:10  SCV  
  23  2:20  Barracks Reactor  
  23  2:39  Command Center  
  23  2:44  Barracks Tech Lab  
  23  2:48  Orbital Command  
  22  3:07  Marine x2  
  22  3:08  Factory Tech Lab  
  24  3:23  Combat Shield  
  24  3:24  Marine  
  25  3:32  Barracks  
  25  3:34  Siege Tank  
  25  3:40  Supply Depot  
  28  3:42  Marine  
  28  3:46  Engineering Bay  
  29  3:54  Engineering Bay  
  29  4:00  Marine  
  29  4:01  Marine  
  31  4:03  Marine  
  32  4:31  Siege Tank  
  35  4:40  Barracks Reactor  
  35  4:48  SCV  
  35  4:49  SCV  
  37  5:00  SCV  
  37  5:01  SCV  
  39  5:08  Marine x2  
  41  5:33  Marine x3  
  41  5:34  Marine  
  41  5:35  Marauder  
  39  5:51  Marine x4  
Show
View Real Time Build Order
Export as new Build Order

BBTheDroid Zerg 

Build Orders: Pool First 

Get SALT Encoding   

  12  0:12  Drone x2  
  14  0:28  Overlord x2  
  14  0:40  Extractor  
  13  0:47  Spawning Pool  
  12  0:52  Drone x2  
  14  1:08  Drone x2  
  16  1:15  Evolution Chamber  
  15  1:19  Drone  
  16  1:31  Drone  
  17  1:54  Zergling x4  
  19  1:56  Queen  
  21  2:13  Hatchery  
  20  2:24  Drone x3  
  23  2:53  Zergling x4  
  25  3:04  Roach Warren  
  24  3:21  Drone x5  
  29  3:33  Overlord  
  29  3:45  Metabolic Boost, Extractor  
  28  3:52  Drone x3  
  33  3:59  Zergling x8  
  27  4:28  Roach x4  
  35  4:31  Lair  
  35  4:50  Roach  
  37  5:20  Hatchery  
  33  5:51  Zergling x2  
  33  5:52  Zergling x6  
Show
View Real Time Build Order
Export as new Build Order

SonNumberOne Terran 

Build Orders:  

Get SALT Encoding   

  12  0:00  SCV  
  13  0:13  SCV  
  14  0:22  Supply Depot  
  14  0:25  SCV  
  15  0:29  Refinery  
  15  0:43  SCV  
  15  0:46  Barracks  
  16  0:55  SCV  
  17  1:08  SCV  
  17  1:10  Barracks  
  18  1:20  SCV  
  18  1:24  Refinery  
  19  1:32  Barracks Reactor, SCV  
  20  1:38  Supply Depot  
  20  1:44  SCV  
  21  1:56  SCV  
  21  2:00  Barracks Reactor  
  23  2:08  SCV  
  23  2:16  Reaper x2  
  23  2:20  Supply Depot  
  26  2:23  Orbital Command  
  25  2:39  Reaper x2  
  26  2:52  SCV  
  27  2:58  Command Center  
  27  3:05  SCV, Reaper  
  29  3:08  Reaper  
  30  3:15  Reaper x2  
  32  3:22  Engineering Bay  
  32  3:24  SCV  
  33  3:36  SCV  
  33  3:38  Supply Depot, Reaper  
  35  3:43  Reaper  
  35  3:48  Supply Depot, Reaper x2  
  38  3:49  SCV  
  39  4:09  SCV  
  40  4:15  Reaper  
  41  4:26  SCV  
  41  4:27  Orbital Command  
  41  4:29  Reaper x3  
  46  4:38  SCV  
  46  4:41  Command Center  
  46  4:49  Missile Turret  
  46  4:50  SCV  
  47  4:53  Missile Turret  
  47  4:55  SCV  
  47  4:57  Reaper  
  49  5:02  SCV  
  49  5:04  Marine x3, Missile Turret  
  53  5:07  SCV  
  53  5:13  Factory  
  54  5:17  Barracks  
  54  5:22  SCV  
  54  5:23  SCV  
  54  5:24  Marine x2  
  58  5:35  SCV x2  
Show
View Real Time Build Order
Export as new Build Order

Kassinick Zerg 

Build Orders: Hatch First 

Get SALT Encoding   

  12  0:03  Drone  
  13  0:15  Overlord  
  13  0:16  Drone  
  14  0:33  Drone x2  
  16  0:42  Drone  
  17  0:55  Hatchery  
  17  0:57  Drone  
  17  1:00  Drone  
  18  1:11  Extractor  
  18  1:17  Spawning Pool  
  16  1:19  Drone  
  16  1:22  Drone  
  18  1:31  Drone  
  19  1:43  Overlord  
  19  1:52  Drone  
  20  2:04  Drone  
  20  2:07  Queen x2  
  25  2:09  Zergling x2  
  25  2:14  Zergling x2  
  27  2:18  Metabolic Boost  
  27  2:25  Drone x2  
  27  2:29  Zergling x2  
  30  2:35  Overlord  
  30  2:49  Drone x2  
  32  2:53  Zergling x2  
  33  3:01  Zergling x2  
  33  3:02  Zergling x2  
  35  3:08  Hatchery  
  35  3:09  Queen  
  36  3:19  Zergling x10  
  41  3:24  Spine Crawler  
  41  3:26  Spore Crawler  
  41  3:27  Drone  
  40  3:30  Drone  
  41  3:44  Drone x2  
  41  3:47  Lair  
  43  3:51  Extractor, Drone  
  42  4:42  Drone  
  42  4:43  Drone x2  
  42  4:44  Queen  
  47  4:46  Queen  
  49  4:58  Overlord  
  49  5:00  Overlord  
  49  5:16  Baneling Nest  
  48  5:21  Hydralisk Den  
  47  5:44  Baneling Nest, Drone  
  47  5:45  Drone  
  47  5:47  Drone  
  47  5:48  Drone x8  
  47  5:49  Overlord  
Tags
 
Add a new tag
Caveats
  • Supply blocks, unpowered buildings, or Contaminate may cause inaccurate times.
  • Supply counts are checked every 10 seconds.